 Dungeon Crawl Stone Soup version 0.29-a0-330-g52719c12eb (webtiles) character file.

Game seed: 12394211476426119364

2739 sammy202020 the Fighter (level 9, -7/75 HPs)
             Began as a Demonspawn Berserker on Apr 12, 2022.
             Was a Priest of Trog.
             Killed from afar by a steam dragon (27 damage)
             ... with a ball of steam
             ... on level 7 of the Dungeon.
             The game lasted 00:10:33 (10300 turns).

sammy202020 the Fighter (Demonspawn Berserker)     Turns: 10300, Time: 00:10:33

Health: -7/75      AC: 17    Str: 15    XL:     9   Next: 40%
Magic:  18/18      EV:  5    Int: 14    God:    Trog [***...]
Gold:   244        SH:  0    Dex: 12    Spells: 8/8 levels left

rFire   . . .      SeeInvis .   a - +1 hand axe (vorpal)
rCold   . . .      Faith    .   (no shield)
rNeg    . . .      Spirit   .   D - +0 plate armour
rPois   +          Reflect  .   H - +0 helmet
rElec   +          Harm     .   (no cloak)
rCorr   +          Rampage  .   (no gloves)
Will    +....                   (no boots)
Stlth   ..........              (no amulet)
HPRegen 0.22/turn               e - ring of the Sneaky Spines {rElec Will+ MP+9 Str-5 Int+3}
MPRegen 0.32/turn               k - ring of poison resistance

@: no status effects
A: yellow scales 3, magic regeneration
a: Renounce Religion, Berserk, Trog's Hand


You were on level 7 of the Dungeon.
You worshipped Trog.
Trog was most pleased with you.
You visited 1 branch of the dungeon, and saw 7 of its levels.
You also visited: Sewer.

You collected 244 gold pieces.

Inventory:

Hand Weapons
 a - a +1 vorpal hand axe (weapon)
 y - a +0 flail of protection
 F - a +0 war axe
Missiles
 m - 32 poisoned darts
 q - a curare-tipped dart (quivered)
 I - 4 boomerangs of dispersal
Armour
 D - a +0 plate armour (worn)
 H - a +0 helmet (worn)
Jewellery
 c - a +6 ring of intelligence
 d - a ring of protection from fire
 e - the ring of the Sneaky Spines (left hand) {rElec Will+ MP+9 Str-5 Int+3}
   (You acquired it on level 2 of the Dungeon)

   [ring of magical power]

   Str:       It affects your strength (-5).
   Int:       It affects your intelligence (+3).
   rElec:     It insulates you from electricity.
   MP:        It affects your magic capacity (+9).
   Will:      It increases your willpower.
 f - a ring of positive energy
 k - a ring of poison resistance (right hand)
Wands
 w - a wand of digging (3)
 E - a wand of polymorph (16)
Scrolls
 b - 5 scrolls of teleportation
 t - 3 scrolls of noise
 u - a scroll of enchant weapon
 v - 3 scrolls of identify
 x - a scroll of enchant armour
 A - 2 scrolls of magic mapping
 C - 3 scrolls of summoning
 G - a scroll of fog
Potions
 g - 5 potions of curing
 h - 3 potions of brilliance
 i - a potion of might {unknown}
 j - 3 potions of lignification {unknown}
 l - 3 potions of cancellation {unknown}
 n - a potion of degeneration {unknown}
 o - a potion of haste {unknown}
 p - 4 potions of heal wounds
 r - a potion of magic {unknown}
 s - a potion of invisibility {unknown}
 z - 2 potions of mutation {unknown}
 B - a potion of resistance {unknown}


   Skills:
 * Level 8.5 Fighting
 * Level 7.9 Axes
 + Level 5.3 Armour
 - Level 3.1 Dodging


You had 8 spell levels left.
You didn't know any spells.
Your spell library was empty.

Dungeon Overview and Level Annotations

Branches:
Dungeon (7/15)             Temple (0/1) D:4           Sewer (visited)

Altars:
Fedhas
Vehumet
Yredelemnul
Zin

Shops:
D:7 *


Innate Abilities, Weirdness & Mutations

You are completely covered in yellow scales. (AC +4, rCorr)
You regenerate magic rapidly.


Message History

The centaur kicks you but does no damage.
The centaur hits you but does no damage.
The centaur kicks you but does no damage.
The ice beast hits you but does no damage.
You barely miss the centaur. You slash the ice beast! The centaur hits you.
* * * LOW HITPOINT WARNING * * *
The centaur barely misses you.
You slash the centaur!
The centaur is heavily wounded.
You hit the ice beast.
You kill the ice beast!
Trog accepts your kill. The centaur hits you.
* * * LOW HITPOINT WARNING * * *
The centaur kicks you but does no damage.
You slash the centaur!
You kill the centaur!
Trog accepts your kill.
Things that are here:
a +0 shortbow; a centaur corpse
Found a wand of polymorph (9).
You feel a strong urge to attack something.
You feel your anger nearly subside.
You are no longer berserk.
You are exhausted.
You feel yourself slow down.
z - 2 glowing puce potions (gained 1)
You see here a scroll of immolation.
E - a wand of polymorph (16) (gained 9 charges)
You feel yourself speed up.
A steam dragon comes into view.
A steam dragon is nearby!
A steam dragon is nearby!
You are too injured to fight recklessly!
You are too injured to fight recklessly!
You are too injured to fight recklessly!
You recover from your berserk rage.
The steam dragon breathes steam at you. The ball of steam hits you!!
You die...

............#
.................#
...................#
....................#
....................#
...........D........#
...........§..[.....#
..........§.........#
..........@....)....#
#####
....................#
#....
.........?..........#
#....
#####################
#.... #.... #....
####.... ..^.....
####..[.


You could see a steam dragon (catching breath).

Vanquished Creatures
  Sigmund (D:3)
  Eustachio (D:6)
  The ghost of rabbitsville the Shooter, an amateur GrHu (D:5)
  A water moccasin (D:6)
  An orc warrior (D:6)
  3 black bears
  4 ice beasts
  2 sky beasts
  4 centaurs
  A phantom (D:5)
  2 kobold brigands (Sewer)
  A scorpion (D:5)
  A howler monkey (D:6)
  2 hounds
  A jelly (D:7)
  4 orc priests
  4 iguanas
  2 orc wizards (D:6)
  Natasha (twice) (D:2)
  11 adders
  4 river rats (Sewer)
  A white imp (D:5)
  An ufetubus (D:5)
  3 dart slugs
  17 orcs
  5 endoplasms
  5 giant cockroaches
  7 goblins
  6 hobgoblins
  2 jackals (D:3)
  16 kobolds
  8 quokkas
  7 ball pythons
  4 bats
  3 frilled lizards (D:1)
  22 rats
160 creatures vanquished.

Vanquished Creatures (others)
  A fungus (D:1)
1 creature vanquished.

Grand Total: 161 creatures vanquished

Notes
Turn   | Place    | Note
-------+----------+-------------------------------------------
     0 | D:1      | sammy202020 the Demonspawn Berserker began the quest for
                  | the Orb.
     0 | D:1      | Reached XP level 1. HP: 18/18 MP: 1/1
   405 | D:1      | Gained mutation: You are partially covered in yellow
                  | scales. (AC +2) [demonic ancestry]
   405 | D:1      | Reached XP level 2. HP: 23/24 MP: 2/2
   943 | D:1      | You fall into a shaft and drop 1 floor!
  1288 | D:1      | Found a faded altar of an unknown god.
  1298 | D:1      | Reached XP level 3. HP: 29/29 MP: 3/3
  1530 | D:2      | Reached ** piety under Trog
  1605 | D:2      | Noticed Natasha
  1612 | D:2      | Killed Natasha
  1765 | D:2      | Reached XP level 4. HP: 20/37 MP: 4/4
  2279 | D:2      | Identified a scroll of acquirement
  2279 | D:2      | Acquired the ring of the Sneaky Spines {rElec Will+ MP+9
                  | Str-5 Int+3}
  2405 | D:2      | Noticed Natasha
  2414 | D:2      | Killed Natasha
  3005 | D:3      | Reached skill level 4 in Fighting
  3254 | D:3      | Noticed Sigmund
  3268 | D:3      | Killed Sigmund
  3269 | D:3      | Gained mutation: You are mostly covered in yellow scales.
                  | (AC +3) [demonic ancestry]
  3269 | D:3      | Reached XP level 5. HP: 28/43 MP: 5/5
  3269 | D:3      | Reached XP level 6. HP: 32/49 MP: 6/6
  3278 | D:3      | Found a basalt altar of Yredelemnul.
  3310 | D:3      | Found a glowing drain.
  3315 | Sewer    | Entered a sewer
  4227 | Sewer    | Reached skill level 5 in Fighting
  4877 | Sewer    | Reached XP level 7. HP: 32/56 MP: 7/7
  5698 | D:3      | Reached *** piety under Trog
  5768 | D:3      | Reached skill level 5 in Axes
  6146 | D:4      | Found a staircase to the Ecumenical Temple.
  6833 | D:4      | Found a blossoming altar of Fedhas.
  7149 | D:4      | Reached skill level 6 in Fighting
  7244 | D:5      | Entered Level 5 of the Dungeon
  7356 | D:5      | Gained mutation: You regenerate magic rapidly. [demonic
                  | ancestry]
  7356 | D:5      | Reached XP level 8. HP: 65/65 MP: 8/8
  7824 | D:5      | Found a transporter.
  7825 | D:5      | Noticed rabbitsville's ghost (amateur GrHu)
  7864 | D:5      | Found a transporter.
  7894 | D:5      | Killed rabbitsville's ghost
  7899 | D:5      | Reached skill level 7 in Fighting
  8244 | D:6      | Identified the +1 robe of Noon {Will+}
  8398 | D:6      | Found a radiant altar of Vehumet.
  8654 | D:6      | Noticed Eustachio
  8695 | D:6      | Killed Eustachio
  8754 | D:6      | Gained mutation: You are completely covered in yellow
                  | scales. (AC +4, rCorr) [demonic ancestry]
  8754 | D:6      | Reached XP level 9. HP: 60/74 MP: 9/9
  9037 | D:6      | Reached skill level 8 in Fighting
  9037 | D:6      | Reached skill level 5 in Armour
 10071 | D:7      | Found Zin's Purification Station.
 10300 | D:7      | Killed from afar by a steam dragon

Illustrated notes

Levels and vault maps discovered:
D:1:      lordsloth_arrival_two_stooges, layout_loops_corners,
          dreamdust_ecumenical_altar_hidden_monk_grotto
D:2:      layout_basic, uniq_natasha
D:3:      layout_loops_cross, lemuel_crystal_altar, gup_sewer_entry_bowl,
          uniq_sigmund
D:4:      layout_gridville, fedhas_altar_2, minmay_temple_entry_proselytizer
D:5:      layout_basic, gammafunk_ghost_arena, st_stairs_6
D:6:      layout_basic, mainiacjoe_overflow_catwalk, uniq_eustachio
D:7:      layout_basic, zin_purify

Skill      XL: |  1  2  3  4  5  6  7  8  9 |
---------------+----------------------------+-----
Armour         | 2 3 4 5 |  5.3
Axes           | 3 4 5 7 |  7.9
Dodging        | 2 3 |  3.1
Fighting       | 4 5 6 7 8 |  8.5

Action                   |  1- 3 |  4- 6 |  7- 9 || total
-------------------------+-------+-------+-------++-------
Melee: Hand axe          |   103 |   217 |   352 ||   672
       Punch             |       |     1 |     3 ||     4
       Unarmed           |       |       |    16 ||    16
Invok: Berserk           |       |     4 |     5 ||     9
       Trog's Hand       |       |       |     1 ||     1
  Use: Scroll            |       |     6 |    10 ||    16
 Stab: Sleeping          |       |     1 |     1 ||     2
Armor: Leather armour    |    27 |    91 |     9 ||   127
       Chain mail        |       |       |   179 ||   179
       Ring mail         |       |       |     5 ||     5
       Plate armour      |       |       |   138 ||   138
       Skin              |       |       |     2 ||     2
Dodge: Dodged            |    67 |   172 |   134 ||   373

Table legend: (Time is in decaauts)
 A = Elapsed time spent in this place.
 B = Non-inter-level travel time spent in this place.
 C = Inter-level travel time spent in this place.
 D = Time resting spent in this place.
 E = Time spent auto-exploring this place.
 F = Levels seen in this place.
 G = Mean time per level.
                   A        B        C        D        E       F      G
               +--------+--------+--------+--------+--------+-----+--------+
         Total |  10430 |  10163 |    267 |   2475 |   6132 |   8 | 1303.8 |
       Dungeon |   8460 |   8193 |    267 |   1639 |   5280 |   7 | 1208.6 |
         Sewer |   1970 |   1970 |      0 |    835 |    852 |   1 | 1970.0 |
               +--------+--------+--------+--------+--------+-----+--------+

Top non-repeatable levels by time:
   Sewer: 1970 daAuts
     D:6: 1923 daAuts
     D:2: 1440 daAuts
     D:3: 1417 daAuts
     D:1: 1371 daAuts
     D:4: 1160 daAuts
     D:5: 887 daAuts
     D:7: 259 daAuts
